 Dungeon Crawl Stone Soup version 0.30.0-17-ge0270778cf (webtiles) character file.

Game seed: 3766906658249359099

109 sampeng1 the Grave Robber (level 5, -1/35 HPs)
             Began as a Human Necromancer on May 22, 2023.
             Succumbed to a gnoll's poison
             ... on level 3 of the Dungeon.
             The game lasted 00:10:57 (1921 turns).

sampeng1 the Grave Robber (Human Necromancer)       Turns: 1921, Time: 00:10:58

Health: -1/35      AC:  6    Str: 12    XL:     5   Next: 13%
Magic:  4/9        EV: 13    Int: 18    God:
Gold:   95         SH:  0    Dex: 15    Spells: 4/9 levels left

rFire   . . .        m - +7 spear "Vynysa" {flame, Str+4 Dex+2}
rCold   . . .        (no shield)
rNeg    . . .        a - +0 robe
rPois   .            (no helmet)
rElec   .            (no cloak)
rCorr   .            (no gloves)
SInv    .            (no boots)
Will    .....        (no amulet)
Stlth   ++           d - ring of wizardry
HPRegen 0.25/turn    j - +4 ring of protection
MPRegen 0.11/turn

%: wizardry (x1)
@: lethally poisoned (-1 -> -11), studying Necromancy
A: no striking features
a: no special abilities


You were on level 3 of the Dungeon.
You visited 1 branch of the dungeon, and saw 3 of its levels.

You collected 95 gold pieces.

Inventory:

Hand Weapons
 c - a +0 short sword
 e - a +0 whip
 m - the +7 spear "Vynysa" (weapon) {flame, Str+4 Dex+2}
   (You found it on level 2 of the Dungeon)

   Str:       It affects your strength (+4).
   Dex:       It affects your dexterity (+2).
Missiles
 f - 25 stones (quivered)
Armour
 a - a +0 robe (worn)
Jewellery
 d - a ring of wizardry (left hand)
 h - an amulet of faith
 j - a +4 ring of protection (right hand)
Scrolls
 g - 3 scrolls of fear
 n - a scroll of vulnerability {unknown}
Potions
 b - 3 potions of magic
 i - a potion of berserk rage
 k - 3 potions of heal wounds
 l - a potion of might {unknown}


   Skills:
 + Level 2.9 Dodging
 + Level 3.1 Stealth
 + Level 2.8 Spellcasting
 + Level 5.1 Necromancy


You had 4 spell levels left.
You knew the following spells:

 Your Spells              Type           Power      Damage    Failure   Level
a - Necrotise             Necr           84%        1d8       1%          1
b - Animate Dead          Necr           21%        N/A       9%          4

Your spell library contained the following spells:

 Spells                   Type           Power      Damage    Failure   Level
 Vampiric Draining        Necr           21%        2d7       2%          3
 Sandblast                Erth           4%         2d4       7%          1
 Passwall                 Tmut/Erth      1%         N/A       11%         2
 Stone Arrow              Conj/Erth      4%         3d7       21%         3
 Agony                    Necr           21%        N/A       22%         5


Dungeon Overview and Level Annotations

Branches:
Dungeon (3/15)

Altars:
Cheibriados

Shops:
D:2 !


Message History

You hit the gnoll bouda. You burn the gnoll bouda.
The gnoll bouda is severely wounded.
The gnoll bouda hits you with a +0 whip!
* * * LOW HITPOINT WARNING * * *
The gnoll hits you but does no damage. The gnoll misses you.
Casting: Necrotise (safe; 1% risk of failure)
Confirm with . or Enter, or press ? or * to list all spells.
Aiming: Necrotise (safe; 1% risk of failure)
Press: ? - help, Shift-Dir - straight line, f/p - gnoll
Aim: a gnoll, wielding a +0 spear (severely wounded, chance to affect: 84%)
The gnoll bouda writhes in agony.
The gnoll bouda hits you with a +0 whip.
* * * LOW HITPOINT WARNING * * *
The gnoll closely misses you. The gnoll barely misses you.
Casting: Necrotise (safe; 1% risk of failure)
Confirm with . or Enter, or press ? or * to list all spells.
Aiming: Necrotise (safe; 1% risk of failure)
Press: ? - help, Shift-Dir - straight line, f/p - gnoll
Aim: a gnoll, wielding a +0 spear (severely wounded, chance to affect: 84%)
The gnoll bouda writhes in agony.
You kill the gnoll bouda!
The dead are walking!
The gnoll barely misses you.
The gnoll hits you from afar with a +0 spear.
* * * LOW HITPOINT WARNING * * *
Your Stealth skill increases to level 3!
Your Necromancy skill increases to level 5!
You have reached level 5!
Your gnoll bouda skeleton hits the gnoll.
The gnoll hits you but does no damage.
The gnoll hits you from afar with a +1 spear of venom.
* * * LOW HITPOINT WARNING * * *
You are lethally poisoned!
The gnoll hits you but does no damage.
Casting: Necrotise (safe; 1% risk of failure)
Confirm with . or Enter, or press ? or * to list all spells.
Aiming: Necrotise (safe; 1% risk of failure)
Press: ? - help, Shift-Dir - straight line, f/p - gnoll
Aim: a gnoll, wielding a +0 spear (heavily wounded, chance to affect: 85%)
The gnoll writhes in agony.
You die...

###.... ....... ...g...
g...... g......###
######.# .........#
#....^.#
........g###.##########.#
.....$..ggg@..........#.#
.........g#####.#####.#.#
........Z.#⌠~~###~~⌠#.#.#
###.......#~~~~~~~~~#.#.#
#..#....#~~~###~~~#.#.#
#..####.##~##.##~##.#.#
#. ...#~~._.#~'....# .>
#.##~##.##~##...#
#~~~###~~~#.#.#


You could see 5 gnolls and a friendly gnoll bouda skeleton.

Vanquished Creatures
  A gnoll bouda (D:3)
  3 adders (D:2)
  A worm (D:3)
  A dart slug (D:2)
  7 bats
  3 endoplasms
  A giant cockroach (D:2)
  3 goblins
  4 hobgoblins
  4 quokkas
  2 frilled lizards (D:2)
  9 kobolds
  5 rats
44 creatures vanquished.

Vanquished Creatures (collateral kills)
  A worm (D:2)
  A rat (D:2)
2 creatures vanquished.

Grand Total: 46 creatures vanquished

Notes
Turn   | Place    | Note
-------+----------+-------------------------------------------
     0 | D:1      | sampeng1 the Human Necromancer began the quest for the Orb.
     0 | D:1      | Reached XP level 1. HP: 13/13 MP: 3/3
   215 | D:1      | Reached XP level 2. HP: 4/19 MP: 0/5
   854 | D:1      | Reached XP level 3. HP: 24/24 MP: 4/6
  1230 | D:2      | Identified the +7 spear "Vynysa" {flame, Str+4 Dex+2}
  1350 | D:2      | Reached XP level 4. HP: 30/30 MP: 5/7
  1555 | D:2      | Found Nuisil's Distillery.
  1711 | D:3      | Learned a level 4 spell: Animate Dead
  1825 | D:3      | Found a snail-covered altar of Cheibriados.
  1919 | D:3      | Reached skill level 5 in Necromancy
  1919 | D:3      | Reached XP level 5. HP: 4/35 MP: 5/9
  1921 | D:3      | Succumbed to a gnoll's poison

Illustrated notes

Levels and vault maps discovered:
D:1:      lemuel_arrival_tunnels, layout_basic, minmay_misc_feat_secret_circle
D:2:      layout_rooms, serial_shops, shop
D:3:      layout_basic, cheibrodos_worm_habitat,
          nicolae_qazlal_scattered_showers, minmay_unequal

Skill      XL: |  1  2  3  4 |
---------------+-------------+-----
Stealth        | 3 |  3.1
Necromancy     | 5 |  5.1
Dodging        | |  2.9
Spellcasting   | |  2.8

Action                     |  1- 3 |  4- 6 || total
---------------------------+-------+-------++-------
  Melee: Short sword       |    71 |       ||    71
         Unarmed           |     2 |       ||     2
         Whip              |     1 |       ||     1
         Punch             |     1 |       ||     1
         Spear             |     1 |    30 ||    31
   Cast: Necrotise         |    37 |    10 ||    47
    Use: Scroll            |     2 |     2 ||     4
   Stab: Distracted        |     1 |       ||     1
         Sleeping          |     2 |       ||     2
 Armour: Robe              |    31 |    11 ||    42
  Dodge: Dodged            |    74 |    34 ||   108
